Map: The Vermillion Problem

Players

LilArrin

  • Race: Terran Terran
  • Spawn Location: 11:00

LilArrin

  • Race: Protoss Protoss
  • Spawn Location: 11:00

VOD

Have the link to the VOD?

Description

Time

  • Played on: Aug. 28, 2017, 12:14 a.m.
  • Length: 22:16
Show
View Real Time Build Order
Export as new Build Order

LilArrin Terran 

Build Orders:  

Get SALT Encoding   

  12  0:03  SCV  
  13  0:20  SCV  
  14  0:33  Supply Depot  
  14  0:37  SCV  
  15  0:53  SCV  
  16  1:10  SCV  
  17  1:23  Command Center  
  17  1:29  SCV  
  18  1:46  SCV  
  18  1:49  Barracks  
  19  2:05  SCV  
  20  2:22  Orbital Command  
  20  2:48  Command Center  
  20  2:58  SCV  
  21  3:07  Orbital Command  
  21  3:15  Refinery, SCV  
  22  3:23  Refinery  
  22  3:32  SCV  
  23  3:42  SCV  
  23  3:49  SCV  
  25  3:56  Combat Shields  
  25  4:00  Command Center  
  25  4:08  Barracks Tech Lab  
  25  4:20  Barracks  
  26  4:42  Orbital Command  
  26  4:44  Marine, SCV  
  27  4:54  Marine  
  28  5:00  Engineering Bay  
  28  5:04  Engineering Bay  
  28  5:09  Medic  
  29  5:11  Barracks Reactor  
  29  5:15  SCV  
  29  5:19  Marine  
  31  5:21  SCV  
  31  5:29  Marine  
  33  5:33  SCV  
  33  5:39  Marine  
  35  5:49  Orbital Command, Marine  
  37  6:00  Orbital Command, Marine  
  37  6:04  Terran Infantry Weapons Level 1, Marine  
  37  6:05  Terran Infantry Armor Level 1  
  39  6:10  Marine  
  40  6:28  SCV  
  41  6:37  Command Center  
  41  6:39  Marine x3  
  41  6:45  SCV  
  42  6:50  Medic  
  45  6:56  Marine x2  
  49  7:00  Medic  
  49  7:02  SCV  
  49  7:06  Stabilizer Medpacks  
  49  7:09  Marine  
  52  7:10  Medic, Marine  
  52  7:19  SCV  
  57  7:22  Command Center  
  57  7:25  Marine x2, SCV  
  57  7:26  Medic  
  62  7:33  Refinery  
  62  7:34  SCV  
  62  7:35  Marine  
  62  7:36  Marine, SCV  
  62  7:37  Refinery  
  62  7:39  Marine  
  66  7:48  Marine x2  
  65  7:54  SCV  
  65  7:58  Medic, Marine, Supply Depot  
  68  8:02  SCV  
  68  8:04  Factory  
  68  8:06  Marine  
  68  8:07  Supply Depot  
  73  8:12  SCV  
  73  8:18  Supply Depot  
  73  8:29  Marine  
  73  8:30  Medic  
  73  8:33  Marine  
  76  8:43  SCV x2  
  76  8:44  Orbital Command, Barracks  
  76  8:47  Barracks, Marine  
  76  8:48  Marine  
  76  8:49  Medic  
  78  8:55  Concussive Shells  
  82  9:05  Factory Tech Lab  
  82  9:06  Armory  
  82  9:09  Marine x2, SCV x3  
  85  9:10  Medic  
  85  9:19  Marine  
  57  9:20  Marine x2  
  90  9:21  Barracks Reactor, Barracks Tech Lab  
  90  9:24  Orbital Command  
  90  9:26  SCV  
  58  9:30  Marine x3  
  96  9:40  Marine x3  
  96  9:46  Replenishable Magazine, Vulture  
  101  9:50  Marine x2  
  101  9:51  Marine x2  
  101  9:57  Vulture  
  106  10:00  Marine x2  
  106  10:01  Marine  
  106  10:02  Marine  
  97  10:10  Vulture, Marine x2  
  97  10:11  Marine  
  97  10:12  Marine  
  97  10:14  Marine  
  97  10:17  Marine  
  101  10:20  Marine  
  101  10:21  Marine  
  101  10:22  Marine x2  
  101  10:24  Marine  
  101  10:27  Marine  
  102  10:31  Marine x2  
  102  10:32  Marine x2  
  102  10:34  Marine  
  102  10:37  Marine  
  99  10:41  Marine x2  
  99  10:42  Marine  
  99  10:45  Vulture  
  99  10:46  Cerberus Mines  
  104  10:50  Marine x2  
  104  10:51  Marine  
  104  10:55  Vulture  
  105  11:01  Marine  
  105  11:02  Medic, Marine x2  
  105  11:03  Marine  
  105  11:08  Vulture  
  110  11:19  Vulture, SCV x2  
  113  11:20  Marine x2  
  113  11:24  Marine  
  118  11:44  Vulture  
  120  11:50  Marine x3  
  120  11:53  Marauder  
  120  11:57  Terran Infantry Weapons Level 2  
  120  11:58  Terran Infantry Armor Level 2  
  122  12:02  Vulture, Supply Depot  
  122  12:03  Marauder  
  122  12:04  Supply Depot  
  122  12:09  Marine  
  126  12:10  Supply Depot  
  126  12:13  Barracks  
  126  12:17  Marine x2  
  126  12:18  Marine  
  130  12:40  Marine x2  
  132  12:55  Barracks Reactor  
  132  13:01  Terran Vehicle and Ship Weapons Level 1  
  132  13:02  Marine x2  
  132  13:03  Marauder, Marine, Factory Reactor  
  132  13:04  Marauder, Barracks  
  139  13:18  Marine x3  
  139  13:19  Medic  
  139  13:21  Marine x2  
  139  13:28  Marine  
  139  13:29  Marauder, SCV  
  145  13:32  Marine  
  145  13:33  Marine  
  145  13:34  Marine, Marauder, Supply Depot  
  145  13:35  Supply Depot  
  145  13:36  Marine  
  145  13:37  Supply Depot  
  145  13:38  Marine  
  150  13:40  Supply Depot  
  150  13:46  SCV  
  151  13:50  Marine x2  
  151  13:51  Marine  
  151  13:54  Marine x2  
  151  14:03  SCV  
  151  14:06  Marine  
  151  14:07  Marine x2  
  151  14:08  Marauder  
  154  14:14  SCV x2  
  159  14:22  Supply Depot  
  159  14:24  Supply Depot  
  159  14:26  Supply Depot  
  159  14:28  Marine x2  
  159  14:29  Marauder, Marine  
  159  14:30  Marauder  
  159  14:35  Marine x2  
  168  14:58  Marine x2  
  168  15:03  Marine x2  
  168  15:06  Marine  
  168  15:07  Marine x2  
  168  15:08  Marauder x2, Marine x2  
  171  15:13  Marine  
  171  15:14  Terran Infantry Weapons Level 3  
  171  15:15  Terran Infantry Armor Level 3  
  171  15:17  Medic  
  173  15:20  Marauder  
  173  15:21  Marauder  
  173  15:23  Supply Depot  
  173  15:26  Supply Depot  
  174  15:48  Marine x3  
  174  15:49  Marine  
  174  15:52  Marine x3  
  174  15:53  Marauder x2  
  169  16:00  Marine x3  
  169  16:03  Marauder  
  155  16:12  Marine  
  155  16:13  Marine  
  155  16:14  Marine x2  
  155  16:15  Marauder x2  
  155  16:16  Marine  
  155  16:17  Marine  
  155  16:19  Marine  
  159  16:22  Marine  
  159  16:23  Marine  
  159  16:24  Marine  
  159  16:27  Marauder  
  164  16:34  Marine  
  164  16:35  Marine  
  168  16:45  Marine x2  
  168  16:46  Marauder, Marine  
  168  16:47  Marauder  
  173  17:11  Marine x3  
  173  17:12  Marine x3  
  173  17:14  Marine  
  173  17:15  Marine x2  
  177  17:21  Marine x2  
  177  17:23  Marine x2  
  177  17:24  Marine  
  177  17:26  Marine  
  172  17:32  Marine x2  
  172  17:34  Marine  
  172  17:36  Marine  
  167  17:40  Marine x2  
  167  17:42  Marine  
  167  17:45  Marine x3  
  167  17:46  Marine  
  174  17:50  Marine x2  
  174  18:23  Marine  
  174  18:24  Marine x3  
  121  18:39  Marine x3  
  98  18:46  Marine x2  
  98  18:47  Marine x2  
  98  18:48  Marauder x2  
  102  18:53  Marine  
  102  18:54  Marine x2  
  102  18:56  Marine  
  102  18:57  Medic  
  110  19:00  Medic  
  110  19:04  Marine x3  
  110  19:07  Marine x2  
  110  19:09  Marine x2  
  110  19:11  Vulture x2  
  110  19:14  Marine x2  
  110  19:15  Marine  
  111  19:26  SCV x2  
  111  19:27  Marine  
  111  19:28  Marine  
  113  19:34  Vulture x2  
  113  19:35  Marine x2  
  121  19:45  Marine x3  
  121  19:46  Marauder x2  
  121  19:47  Vulture x2  
  130  19:51  Marine x3  
  130  19:57  Vulture x2  
  131  20:00  Marine x3  
  131  20:01  Marauder x2  
  131  20:06  Marine x4  
  127  20:10  Marine x3  
  127  20:13  Marine  
  127  20:14  Marauder  
  127  20:16  Marine x4  
  126  20:20  Marine x2  
  126  20:21  Marine  
  126  20:23  Marine  
  126  20:26  Marine x3  
  126  20:27  Marauder x2  
  135  20:30  Marine  
  135  20:31  Marine x2  
  135  20:34  Marine  
  135  20:36  Marine x2  
  135  20:37  Marine  
  135  20:39  Marauder, Marine  
  142  20:41  Marine x3  
  142  20:44  Marine  
  142  20:46  Marine x2  
  142  20:47  Marine  
  151  20:50  Marauder  
  151  20:51  Marine x3  
  156  21:13  Marine x4  
  156  21:14  Medic  
  156  21:16  Marine x2  
  156  21:17  Marauder, Marine  
  155  21:23  Marine x3  
  155  21:24  Marauder, Marine  
  155  21:26  Marine  
  158  21:30  Marine  
  158  21:31  Medic, Marine  
  158  21:33  Marine x2  
  158  21:35  Marine x2  
  158  21:36  Medic, Marine  
  169  21:41  Marauder, Marine  
  169  21:42  Marauder  
  169  21:43  Marine x2  
  169  21:45  Marine x2  
  169  21:47  Medic, Marine  
Show
View Real Time Build Order
Export as new Build Order

LilArrin Protoss 

Build Orders:  

Get SALT Encoding   

Tags
 
Add a new tag
Caveats
  • Supply blocks, unpowered buildings, or Contaminate may cause inaccurate times.
  • Supply counts are checked every 10 seconds.